[Event "ICC tourney 2533 (25 5)"]
[Site "Internet Chess Club"]
[Date "2021.04.24"]
[Round "3"]
[White "AHMED JEELANI, SAIF:K09-17150207"]
[Black "PANDE, NAYONIKA:K09-16097936"]
[Result "0-1"]
[ICCResult "White checkmated"]
[WhiteElo "868"]
[BlackElo "1404"]
[Opening "two knights defense: Bogolyubov variation"]
[ECO "C58"]
[NIC "KP.01"]
[Time "15:14:43"]
[PlyCount "84"]
[TimeControl "1500+5"]

1. e4 e5 2. Nf3 Nc6 3. Bc4 Nf6 4. Ng5 d5 5. exd5 Na5 6. Bb5+ c6 7. dxc6
bxc6 8. Qf3 Be7 9. Bxc6+ Nxc6 10. Qxc6+ Bd7 11. Qf3 O-O 12. Ne4 Nxe4 13.
Qxe4 Rc8 14. O-O Bc6 15. Qxe5 Bd6 16. Qh5 Bb7 17. Nc3 Rc5 18. Qh3 Bc8 19.
Qf3 Bxh2+ 20. Kxh2 Qh4+ 21. Kg1 Rh5 22. Qxh5 Qxh5 23. Re1 Be6 24. d3 Qg6
25. Kf1 h6 26. Be3 Qh5 27. f3 Rb8 28. b3 Qh1+ 29. Kf2 Qh4+ 30. Ke2 Rc8 31.
Kd2 Qb4 32. Bxa7 Qxc3+ 33. Ke3 Qe5+ 34. Kd2 Qa5+ 35. c3 Qxa7 36. Re4 Qa5
37. b4 Qg5+ 38. f4 Qxg2+ 39. Ke3 Rxc3 40. b5 Qg3+ 41. Kd4 Qxd3+ 42. Ke5
Rc5# { White checkmated } 0-1

[Event "ICC tourney 2533 (25 5)"]
[Site "Internet Chess Club"]
[Date "2021.04.24"]
[Round "3"]
[White "LIU, JOSHUA:K09-16222106"]
[Black "RAVINUTALA, NITYA:K09-15006650"]
[Result "1-0"]
[ICCResult "Black checkmated"]
[WhiteElo "1613"]
[BlackElo "912"]
[Opening "QGD semi-Slav: 5.e3"]
[ECO "D45"]
[NIC "SL.08"]
[Time "15:12:30"]
[PlyCount "109"]
[TimeControl "1500+5"]

1. d4 d5 2. c4 c6 3. Nc3 Nf6 4. e3 e6 5. Nf3 Bb4 6. Bd2 O-O 7. cxd5 cxd5 8.
Bd3 Nc6 9. O-O Re8 10. Rc1 e5 11. dxe5 Nxe5 12. Nxe5 Rxe5 13. h3 Re8 14.
Nb5 Bxd2 15. Qxd2 Re7 16. Rc2 a6 17. Nd4 Bd7 18. Rfc1 g6 19. Qb4 Rb8 20.
Qd6 Be6 21. Qxd8+ Rxd8 22. Nxe6 fxe6 23. Rc7 Rxc7 24. Rxc7 b5 25. Rc6 Re8
26. Rxa6 b4 27. Rb6 Nd7 28. Rxb4 Nc5 29. Be2 Rc8 30. Bg4 Kf7 31. h4 h5 32.
Bf3 Nd3 33. Rb3 Rc1+ 34. Kh2 Nxf2 35. a4 Ra1 36. Rb7+ Kf6 37. Ra7 Nd3 38.
b3 Nb4 39. Rb7 Nc6 40. Rb6 Na5 41. Bxd5 Rb1 42. Bxe6 Ke5 43. b4 Nb3 44.
Bxb3 Rxb3 45. a5 Rxe3 46. a6 Kf4 47. b5 g5 48. hxg5 Kxg5 49. a7 Kg4 50.
a8=Q h4 51. Rg6+ Kh5 52. Qg8 Rh3+ 53. Kg1 Rh1+ 54. Kxh1 h3 55. Qh7# { Black
checkmated } 1-0

[Event "ICC tourney 2533 (25 5)"]
[Site "Internet Chess Club"]
[Date "2021.04.24"]
[Round "3"]
[White "MELISSANDRE ZAMOJSKI, CHLOL:K09-16776316"]
[Black "KRISHNAN, SAATVIK:K09-15210955"]
[Result "0-1"]
[ICCResult "White checkmated"]
[WhiteElo "978"]
[BlackElo "1797"]
[Opening "Sicilian defense"]
[ECO "B30"]
[NIC "SI.31"]
[Time "15:12:02"]
[PlyCount "78"]
[TimeControl "1500+5"]

1. e4 c5 2. Nf3 Nc6 3. b4 cxb4 4. d4 d5 5. e5 Bg4 6. a3 e6 7. axb4 Bxb4+ 8.
c3 Ba5 9. h3 Bh5 10. Bd3 Nge7 11. O-O O-O 12. Bg5 h6 13. Bh4 Qc7 14. Be2
Bxf3 15. Bxf3 Nf5 16. Bg3 Nxg3 17. fxg3 Ne7 18. Qd3 Rac8 19. Rc1 Nf5 20.
Bg4 Nxd4 21. Rxa5 Nb3 22. Rxa7 Qb6+ 23. Kh2 Nxc1 24. Rxb7 Qxb7 25. Qc2 d4
26. Qxc1 dxc3 27. Na3 Qb2 28. Qxb2 cxb2 29. Bf3 Rc3 30. Nb1 Rxf3 31. gxf3
Rc8 32. g4 Rc1 33. Na3 Ra1 34. Nc2 b1=Q 35. Nxa1 Qxa1 36. Kg3 Qxe5+ 37. f4
Qe3+ 38. Kh4 Qxf4 39. Kh5 Qg5# { White checkmated } 0-1

[Event "ICC tourney 2533 (25 5)"]
[Site "Internet Chess Club"]
[Date "2021.04.24"]
[Round "3"]
[White "KOTHAPALLI, ASHISH:K09-16185293"]
[Black "BALAJI IYER, SHRINIVAS:K09-16691948"]
[Result "1/2-1/2"]
[ICCResult "Game drawn by mutual agreement"]
[WhiteElo "897"]
[BlackElo "1443"]
[Opening "Queen's pawn, Mason variation"]
[ECO "D00"]
[NIC "QP.08"]
[Time "15:14:07"]
[PlyCount "126"]
[TimeControl "1500+5"]

1. d4 d5 2. Bf4 Nf6 3. Nc3 c6 4. Nf3 Bf5 5. e3 e6 6. Bd3 Bxd3 7. Qxd3 Bd6
8. Bg3 Bc7 9. Bxc7 Qxc7 10. e4 dxe4 11. Nxe4 Nxe4 12. Qxe4 O-O 13. O-O Nd7
14. Ng5 Nf6 15. Qe5 Qxe5 16. dxe5 Nd5 17. c4 Nb6 18. b3 h6 19. Nf3 Rfd8 20.
Rad1 Kf8 21. h3 Ke7 22. Kh2 Rd7 23. c5 Nd5 24. Nd4 Rad8 25. Rd2 Nc7 26.
Rfd1 Nb5 27. Nf3 Rxd2 28. Rxd2 Rxd2 29. Nxd2 Nc3 30. a3 Nd1 31. f3 Nb2 32.
b4 Nd3 33. Nc4 g6 34. Kg3 h5 35. f4 Ne1 36. Nd6 Nc2 37. Nxb7 Nxa3 38. Nd6
a6 39. Nc8+ Ke8 40. Nd6+ Ke7 41. Nc8+ Ke8 42. Nd6+ Ke7 43. Nc8+ Kd7 44. Nd6
Nc2 45. Nxf7 Nxb4 46. Nd6 a5 47. Nc4 a4 48. Nb6+ Ke7 49. Nxa4 Nd3 50. Kf3
Ne1+ 51. Kf2 Nd3+ 52. Ke3 Ne1 53. g3 Nc2+ 54. Ke4 Nb4 55. Nb6 Na6 56. Kd4
Nb4 57. Nc8+ Kd7 58. Nd6 Ke7 59. g4 hxg4 60. hxg4 Nd5 61. Nc8+ Kf7 62. Na7
Ne7 63. Kc4 Ke8 { Game drawn by mutual agreement } 1/2-1/2

[Event "ICC tourney 2533 (25 5)"]
[Site "Internet Chess Club"]
[Date "2021.04.24"]
[Round "3"]
[White "R NAIR, ISHAN:K09-30144438"]
[Black "SCHOENBAUER, JAKE:K09-16875594"]
[Result "0-1"]
[ICCResult "White resigns"]
[WhiteElo "688"]
[BlackElo "1299"]
[Opening "Scotch: Schmidt variation"]
[ECO "C45"]
[NIC "SO.04"]
[Time "15:14:00"]
[PlyCount "86"]
[TimeControl "1500+5"]

1. e4 e5 2. Nf3 Nc6 3. d4 exd4 4. Nxd4 Nf6 5. Nc3 Bb4 6. f3 O-O 7. Bd2 Nxd4
8. Nd5 Bxd2+ 9. Qxd2 Nxd5 10. Qxd4 Nf4 11. O-O-O Qg5 12. Kb1 d6 13. Qe3 Ne6
14. f4 Qxf4 15. Qxf4 Nxf4 16. g3 Bg4 17. Rd2 Ne6 18. h3 Bf3 19. Bg2 Bxg2
20. Rxg2 Nc5 21. Re1 Rfe8 22. Rge2 Re5 23. b4 Nd7 24. Rf1 Rae8 25. g4 Rxe4
26. Rxe4 Rxe4 27. c3 Re3 28. Kb2 Rxh3 29. Re1 Kf8 30. Kc2 Ne5 31. Rg1 Rh4
32. g5 Rg4 33. Rh1 Kg8 34. Re1 g6 35. Rd1 Rg2+ 36. Kb3 Rxg5 37. Rf1 h5 38.
Rh1 Kg7 39. Kc2 Rg2+ 40. Kd1 Rxa2 41. Re1 Ra1+ 42. Kd2 Nf3+ 43. Ke2 Nxe1 {
White resigns } 0-1

[Event "ICC tourney 2533 (25 5)"]
[Site "Internet Chess Club"]
[Date "2021.04.24"]
[Round "3"]
[White "NG, TIMOTHY:K09-15541548"]
[Black "MEJIA, RYNALDO:K09-16941060"]
[Result "1-0"]
[ICCResult "Black checkmated"]
[WhiteElo "1857"]
[BlackElo "1057"]
[Opening "Giuoco Piano"]
[ECO "C54"]
[NIC "IG.02"]
[Time "15:15:03"]
[PlyCount "119"]
[TimeControl "1500+5"]

1. e4 e5 2. Nf3 Nc6 3. Bc4 Bc5 4. c3 Nf6 5. d3 h6 6. O-O d5 7. exd5 Nxd5 8.
Qb3 Nce7 9. Qb5+ c6 10. Qxc5 Qc7 11. Bxd5 Nxd5 12. Re1 f6 13. d4 Qe7 14.
Qxe7+ Nxe7 15. dxe5 fxe5 16. Rxe5 Kf7 17. Na3 Bg4 18. Nd4 Rad8 19. f3 Bc8
20. Be3 Nd5 21. Re1 Nxe3 22. R5xe3 Rhe8 23. Rxe8 Rxe8 24. Rxe8 Kxe8 25. Nc4
Ke7 26. a3 c5 27. Nc2 b6 28. Kf2 Ke6 29. N4e3 Ba6 30. f4 Bd3 31. Kf3 Bh7
32. g4 g6 33. h4 Kf6 34. g5+ hxg5 35. hxg5+ Ke6 36. Ke4 b5 37. Ng4 Bg8 38.
Nh6 Bh7 39. Ne3 a5 40. Neg4 b4 41. cxb4 cxb4 42. axb4 axb4 43. Nf6 Kd6 44.
Nxh7 Kc5 45. Kd3 Kd5 46. Nf8 Kc5 47. Nxg6 Kd5 48. f5 Kc5 49. f6 Kd5 50. f7
Ke6 51. f8=Q Kd5 52. Qf5+ Kd6 53. Nf7+ Kc6 54. Qe5 Kd7 55. Qf6 Kc7 56. Qe6
Kb7 57. Qd6 Ka8 58. Qd7 Kb8 59. Nd6 Ka8 60. Qb7# { Black checkmated } 1-0

[Event "ICC tourney 2533 (25 5)"]
[Site "Internet Chess Club"]
[Date "2021.04.24"]
[Round "3"]
[White "ALEXANDER MORGAN, CAMERON:K09-15934151"]
[Black "GOWDA, PRAKYATH:K09-16326375"]
[Result "1-0"]
[ICCResult "Black checkmated"]
[WhiteElo "1111"]
[BlackElo "383"]
[Opening "Scandinavian defense"]
[ECO "B01"]
[NIC "SD.03"]
[Time "15:12:12"]
[PlyCount "129"]
[TimeControl "1500+5"]

1. e4 d5 2. exd5 Nf6 3. Nc3 Nxd5 4. Nf3 Nxc3 5. bxc3 Nc6 6. d4 Bg4 7. Bb2
e5 8. Be2 exd4 9. cxd4 Bb4+ 10. c3 Ba5 11. O-O O-O 12. h3 Bh5 13. Qc2 Qe7
14. Rfe1 Bg6 15. Bd3 Bxd3 16. Qxd3 Qd7 17. Ng5 g6 18. Qg3 Qf5 19. Re2 Ne7
20. Rxe7 Qc2 21. Ba3 Bxc3 22. Rxc7 Rac8 23. Rxc8 Rxc8 24. Rc1 Qd2 25. Ne4
Qxa2 26. Rxc3 Rxc3 27. Qxc3 Qb1+ 28. Qc1 Qxe4 29. Qe3 Qb1+ 30. Kh2 a5 31.
Qe8+ Kg7 32. Bd6 a4 33. Qxa4 b5 34. Qb4 Qc2 35. Qxb5 Qxf2 36. Be5+ f6 37.
Qd7+ Kh6 38. Bg3 Qf1 39. Qg4 f5 40. Qf4+ Qxf4 41. Bxf4+ g5 42. Bd2 Kg6 43.
d5 Kf6 44. d6 Kf7 45. Bb4 Ke8 46. g3 Kd8 47. Kg2 f4 48. gxf4 gxf4 49. Kf3
h5 50. Kxf4 h4 51. Ke5 Ke8 52. Be1 Kd8 53. Ke6 Ke8 54. d7+ Kd8 55. Bf2 Kc7
56. Ke7 Kc6 57. d8=Q Kb7 58. Qd1 Kb8 59. Qc1 Kb7 60. Bxh4 Kb8 61. Kd7 Ka7
62. Qb1 Ka8 63. Qb5 Ka7 64. Kc7 Ka8 65. Qb8# { Black checkmated } 1-0

[Event "ICC tourney 2533 (25 5)"]
[Site "Internet Chess Club"]
[Date "2021.04.24"]
[Round "3"]
[White "GHOSH, PRARTHAN:K09-15038196"]
[Black "RALLABANDI, KRISHNA:K09-16752001"]
[Result "0-1"]
[ICCResult "White resigns"]
[WhiteElo "1916"]
[BlackElo "1440"]
[Opening "King's Indian: Smyslov system"]
[ECO "E61"]
[NIC "KI.76"]
[Time "15:14:45"]
[PlyCount "76"]
[TimeControl "1500+5"]

1. d4 Nf6 2. Nf3 g6 3. c4 Bg7 4. Nc3 d6 5. Bg5 O-O 6. e3 Nc6 7. Be2 h6 8.
Bh4 Bf5 9. a3 a5 10. O-O g5 11. Bg3 Nh5 12. Rc1 Nxg3 13. hxg3 e5 14. Re1
Re8 15. d5 Ne7 16. Qb3 b6 17. Nd2 Bg6 18. e4 f5 19. f3 Rf8 20. Bd3 Qd7 21.
Qc2 Rf7 22. b4 axb4 23. axb4 f4 24. gxf4 gxf4 25. c5 bxc5 26. bxc5 c6 27.
cxd6 Qxd6 28. dxc6 Qc5+ 29. Kh1 Kh8 30. Nb5 Qxc2 31. Rxc2 Nc8 32. Rec1 Bf8
33. Bc4 Rg7 34. Nb3 Be8 35. Be6 Rg6 36. Bf5 Rg7 37. c7 Bxb5 38. Rc5 Bxc5 {
White resigns } 0-1

[Event "ICC tourney 2533 (25 5)"]
[Site "Internet Chess Club"]
[Date "2021.04.24"]
[Round "3"]
[White "IYER, ANEESH:K09-15577967"]
[Black "LESTER, JALEEL:K09-17178433"]
[Result "1/2-1/2"]
[ICCResult "Game drawn by mutual agreement"]
[WhiteElo "1146"]
[BlackElo "519"]
[Opening "Benko's opening"]
[ECO "A00"]
[NIC "VO.09"]
[Time "15:13:45"]
[PlyCount "169"]
[TimeControl "1500+5"]

1. g3 e5 2. Bg2 d5 3. d3 Nc6 4. Nf3 Bg4 5. h3 Bh5 6. Nbd2 Bc5 7. O-O Nf6 8.
e3 e4 9. dxe4 dxe4 10. g4 exf3 11. Qxf3 Bg6 12. Nb3 Be4 13. Qg3 Bxg2 14.
Qxg2 Qd6 15. Nxc5 Qxc5 16. c3 O-O 17. Bd2 Qd5 18. Qxd5 Nxd5 19. e4 Nf6 20.
f3 Rad8 21. Bg5 Rd6 22. Bf4 Rd7 23. e5 Nd5 24. Rad1 Rfd8 25. Bg5 f6 26.
exf6 gxf6 27. Bh4 Ne3 28. Rxd7 Rxd7 29. Re1 Rd1 30. Rxd1 Nxd1 31. Bxf6 Nxb2
32. f4 Kf7 33. Bh4 Nd3 34. Bg3 Ne7 35. f5 c5 36. Kg2 Nc1 37. a3 b5 38. Bd6
Nd3 39. Kg3 a5 40. Kf3 b4 41. cxb4 axb4 42. axb4 cxb4 43. Ke4 Nf2+ 44. Ke3
b3 45. Ba3 Nxh3 46. Kd3 Nd5 47. Kc4 Ne3+ 48. Kxb3 Nxg4 49. Kc4 Kf6 50. Kd4
Kxf5 51. Bb2 h5 52. Bc1 h4 53. Bd2 Nhf2 54. Ba5 h3 55. Bc7 h2 56. Bxh2 Nxh2
57. Ke3 Nfg4+ 58. Kd3 Nh6 59. Kd4 Nf1 60. Kd3 Ke5 61. Ke2 Ng3+ 62. Kd3 Nhf5
63. Kc4 Nf1 64. Kd3 Kf4 65. Kc4 Nd2+ 66. Kd5 Nb1 67. Kc4 Ke4 68. Kc5 Nd2
69. Kc6 Nd4+ 70. Kc5 Ne6+ 71. Kd6 Kf5 72. Kd5 Ne4 73. Kc4 Ke5 74. Kd3 N6c5+
75. Ke3 Nd6 76. Kd2 Kd4 77. Ke2 Nde4 78. Kf3 Nd3 79. Kg4 Ke3 80. Kf5 Ndc5
81. Ke5 Kd3 82. Kd5 Kc2 83. Kd4 Kd2 84. Kd5 Kd3 85. Ke5 { Game drawn by
mutual agreement } 1/2-1/2

[Event "ICC tourney 2533 (25 5)"]
[Site "Internet Chess Club"]
[Date "2021.04.24"]
[Round "3"]
[White "SRIADITYA KUNAPULI, SIDDARTH:K09-16368693"]
[Black "BOWER, TEDDY:K09-16898513"]
[Result "0-1"]
[ICCResult "White resigns"]
[WhiteElo "1533"]
[BlackElo "849"]
[Opening "Scotch opening"]
[ECO "C44"]
[NIC "KP.10"]
[Time "15:13:20"]
[PlyCount "120"]
[TimeControl "1500+5"]

1. e4 e5 2. Nf3 Nc6 3. d4 d6 4. Bc4 Bg4 5. Be3 Nf6 6. Nc3 Na5 7. Bb5+ Nc6
8. d5 a6 9. Ba4 b5 10. Nxb5 axb5 11. Bxb5 Bd7 12. dxc6 Be6 13. Ng5 Be7 14.
Nxe6 fxe6 15. f3 O-O 16. O-O d5 17. exd5 exd5 18. c3 Nh5 19. a4 Bg5 20. Qd2
Bxe3+ 21. Qxe3 Qd6 22. Rfd1 Rae8 23. Bc4 Nf4 24. g3 e4 25. gxf4 exf3 26.
Qxf3 Qc5+ 27. Rd4 dxc4 28. Qd5+ Qxd5 29. Rxd5 Rxf4 30. a5 Ra8 31. a6 Rff8
32. a7 h6 33. Rb5 Kh7 34. Rb7 Rfc8 35. Rb4 h5 36. Rxc4 g6 37. b4 Rd8 38. b5
Kh6 39. Rb4 Rdc8 40. b6 cxb6 41. Rxb6 Rc7 42. Rb8 Raxa7 43. Rxa7 Rxa7 44.
Kf2 Rc7 45. Rb6 Kg5 46. Ke3 Kg4 47. Kd4 Kh3 48. Rb2 Rxc6 49. Kd5 Rxc3 50.
Ke6 Rf3 51. Ke5 g5 52. Ke4 Rf1 53. Rb5 Kxh2 54. Rxg5 h4 55. Rf5 Rxf5 56.
Kxf5 Kg3 57. Ke4 h3 58. Ke3 Kg2 59. Ke2 h2 60. Ke1 h1=Q+ { White resigns }
0-1

[Event "ICC tourney 2533 (25 5)"]
[Site "Internet Chess Club"]
[Date "2021.04.24"]
[Round "3"]
[White "HUANG, LULU:K09-15214738"]
[Black "SAI TUBATI, TARUN:K09-16761313"]
[Result "1-0"]
[ICCResult "Black checkmated"]
[WhiteElo "1414"]
[BlackElo "851"]
[Opening "Queen's pawn"]
[ECO "A40"]
[NIC "QO.17"]
[Time "15:13:17"]
[PlyCount "63"]
[TimeControl "1500+5"]

1. d4 c6 2. Nf3 Nf6 3. e3 d5 4. Bd3 Bg4 5. O-O e6 6. b3 Bd6 7. Bb2 Ne4 8.
c4 O-O 9. Nc3 f5 10. Re1 Bb4 11. Qc2 Bxf3 12. gxf3 Qg5+ 13. Kh1 Bxc3 14.
Rg1 Qh5 15. fxe4 Bxb2 16. Qxb2 fxe4 17. Be2 Qf7 18. Bg4 h5 19. Be2 Qxf2 20.
Raf1 Qxe3 21. Rxf8+ Kxf8 22. Qa3+ Kg8 23. Qe7 Qxd4 24. Qe8+ Kh7 25. Qxh5+
Kg8 26. Qe8+ Kh7 27. Qg6+ Kh8 28. Qe8+ Kh7 29. Bh5 Qf6 30. Bg6+ Qxg6 31.
Qxg6+ Kg8 32. Qxg7# { Black checkmated } 1-0

[Event "ICC tourney 2533 (25 5)"]
[Site "Internet Chess Club"]
[Date "2021.04.24"]
[Round "3"]
[White "HUANG, BRIAN:K09-15187606"]
[Black "OHLY, OLIVER:K09-16469982"]
[Result "1-0"]
[ICCResult "Black resigns"]
[WhiteElo "2017"]
[BlackElo "1525"]
[Opening "Sicilian: Canal-Sokolsky attack, 3...Bd7"]
[ECO "B52"]
[NIC "SI.01"]
[Time "15:12:19"]
[PlyCount "77"]
[TimeControl "1500+5"]

1. e4 c5 2. Nf3 d6 3. Bb5+ Bd7 4. Bxd7+ Nxd7 5. O-O Ngf6 6. Re1 g6 7. c3
Bg7 8. d4 cxd4 9. cxd4 O-O 10. Nc3 a6 11. Bf4 b5 12. a3 Qb6 13. Be3 Ng4 14.
Nd5 Qd8 15. Bg5 f6 16. Bf4 e5 17. dxe5 dxe5 18. Bd2 a5 19. Qb3 Kh8 20. Qxb5
Rb8 21. Qxa5 Qxa5 22. Bxa5 Rxb2 23. Bb4 Rc8 24. Rac1 Rcc2 25. Rxc2 Rxc2 26.
Rf1 f5 27. Ne7 fxe4 28. Ng5 Bh6 29. Nxe4 Nb6 30. h3 Rc7 31. hxg4 Bf8 32.
Bd6 Rc4 33. Bxe5+ Bg7 34. Bxg7+ Kxg7 35. Nd6 Rxg4 36. Rb1 Na4 37. Rb4 Rxb4
38. axb4 Nb6 39. Nec8 { Black resigns } 1-0

[Event "ICC tourney 2533 (25 5)"]
[Site "Internet Chess Club"]
[Date "2021.04.24"]
[Round "3"]
[White "ALEXANDER NIEUWERBURGH, PAUL:K09-15847117"]
[Black "JAKOB RAZA REMPE, JONAS:K09-15043490"]
[Result "0-1"]
[ICCResult "White checkmated"]
[WhiteElo "1496"]
[BlackElo "1955"]
[Opening "Ruy Lopez: closed, Pilnik variation"]
[ECO "C77"]
[NIC "RL.12"]
[Time "15:12:43"]
[PlyCount "78"]
[TimeControl "1500+5"]

1. e4 e5 2. Nf3 Nc6 3. Bb5 a6 4. Ba4 Nf6 5. d3 b5 6. Bb3 Be7 7. O-O O-O 8.
Re1 d6 9. c3 Na5 10. Bc2 c5 11. Nbd2 Nc6 12. Nf1 h6 13. Ng3 Be6 14. a4 b4
15. c4 Rb8 16. b3 Nh7 17. h3 Qd7 18. Kh2 Ng5 19. Nxg5 Bxg5 20. Bxg5 hxg5
21. Qd2 f6 22. Bd1 g6 23. f3 Kg7 24. Qf2 Rh8 25. Qf1 Rh7 26. Nh1 Rbh8 27.
Nf2 Nd4 28. Ra2 a5 29. Rb2 Qc8 30. Ra2 Bd7 31. Rb2 Ne6 32. g3 Nf4 33. g4
Rh4 34. Kg3 R8h7 35. Rb1 Qh8 36. Rc1 Rxh3+ 37. Nxh3 Rxh3+ 38. Kf2 Rh2+ 39.
Kg3 Qh4# { White checkmated } 0-1

[Event "ICC tourney 2533 (25 5)"]
[Site "Internet Chess Club"]
[Date "2021.04.24"]
[Round "3"]
[White "AWAD, STEELO:K09-16554876"]
[Black "JONNALAGADDA, VISHNUSANKAR:K09-16457328"]
[Result "0-1"]
[ICCResult "White checkmated"]
[WhiteElo "876"]
[BlackElo "1408"]
[Opening "Queen's pawn: London system"]
[ECO "A45"]
[NIC "QP.07"]
[Time "15:15:03"]
[PlyCount "78"]
[TimeControl "1500+5"]

1. d4 Nf6 2. Bf4 d5 3. e3 c5 4. c4 Nc6 5. Bd3 e6 6. Nf3 Be7 7. O-O a6 8.
Nc3 dxc4 9. Bxc4 b5 10. Be2 O-O 11. dxc5 Bb7 12. b4 Nxb4 13. a3 Nbd5 14.
Nxd5 Nxd5 15. Rc1 Rc8 16. Qd4 Nxf4 17. Qxf4 Bxc5 18. Rfd1 Qe7 19. Bd3 h6
20. Be4 Bxa3 21. Rb1 b4 22. Ne5 Bxe4 23. Qxe4 Rfd8 24. Rxd8+ Qxd8 25. Qf3
Qc7 26. h3 Qxe5 27. Qb7 Qc3 28. Qxa6 Qc2 29. Rf1 Bc1 30. Re1 b3 31. Re2 Qc4
32. Qb7 b2 33. Re1 Qc2 34. Qxc8+ Qxc8 35. Rxc1 bxc1=Q+ 36. Kh2 Q8c7+ 37. g3
Qf1 38. h4 Qxf2+ 39. Kh3 Qfxg3# { White checkmated } 0-1

[Event "ICC tourney 2533 (25 5)"]
[Site "Internet Chess Club"]
[Date "2021.04.24"]
[Round "3"]
[White "VU, LEONARD:K09-15005368"]
[Black "PAN, STEVEN:K09-15963582"]
[Result "1-0"]
[ICCResult "Black checkmated"]
[WhiteElo "2000"]
[BlackElo "1456"]
[Opening "Ruy Lopez: Steinitz defense deferred (Russian defense)"]
[ECO "C79"]
[NIC "RL.12"]
[Time "15:13:05"]
[PlyCount "71"]
[TimeControl "1500+5"]

1. e4 e5 2. Nf3 Nc6 3. Bb5 a6 4. Ba4 Nf6 5. O-O d6 6. Re1 Bg4 7. c3 b5 8.
Bb3 Be7 9. d3 O-O 10. Nbd2 d5 11. h3 Bh5 12. Qe2 d4 13. Nf1 Bc5 14. Ng3 Bg6
15. Bg5 h6 16. Bh4 Be7 17. Bxf6 Bxf6 18. Bd5 Qd6 19. cxd4 exd4 20. Rac1 Ne5
21. Nxe5 Bxe5 22. Rc6 Qb4 23. Rxg6 Rad8 24. Rc6 Bxg3 25. fxg3 Rfe8 26. a3
Qe7 27. Qh5 Qd7 28. Rf1 Re7 29. Rxh6 gxh6 30. Qg6+ Kh8 31. Qxh6+ Kg8 32.
Rf6 Re6 33. Bxe6 fxe6 34. Rg6+ Kf7 35. Rg7+ Ke8 36. Qh8# { Black checkmated
} 1-0

[Event "ICC tourney 2533 (25 5)"]
[Site "Internet Chess Club"]
[Date "2021.04.24"]
[Round "3"]
[White "NADYRSHIN, CHINGIZ:K09-15625751"]
[Black "ROUCHKA, TOBY:K09-15518851"]
[Result "1-0"]
[ICCResult "Black resigns"]
[WhiteElo "1233"]
[BlackElo "705"]
[Opening "QGD semi-Slav"]
[ECO "D43"]
[NIC "SL.03"]
[Time "15:12:42"]
[PlyCount "81"]
[TimeControl "1500+5"]

1. d4 d5 2. Nf3 Nf6 3. c4 c6 4. Nc3 e6 5. Bg5 h6 6. Bh4 Be7 7. e3 O-O 8.
Be2 Nbd7 9. O-O Qc7 10. Rc1 dxc4 11. Bxc4 Nb6 12. Bd3 Nbd5 13. Bg3 Bd6 14.
Nb5 Bxg3 15. Nxc7 Bxc7 16. e4 Nb6 17. e5 Nfd5 18. Be4 f6 19. exf6 Nxf6 20.
Qd3 Nxe4 21. Qxe4 Bf4 22. Rcd1 Nd5 23. Nh4 Ne7 24. Rfe1 Bd7 25. Rd3 Bg5 26.
Nf3 Rf4 27. Qe5 Rf5 28. Qd6 Rd5 29. Qb4 Rb5 30. Qc3 Nd5 31. Qc4 Be7 32. Ne5
Rb4 33. Qc2 Bc8 34. Rg3 Bf6 35. Qg6 Rxd4 36. Qe8+ Kh7 37. Nf7 g5 38. Nd6
Be5 39. Qf7+ Kh8 40. Rh3 Bg7 41. g3 { Black resigns } 1-0

[Event "ICC tourney 2533 (25 5)"]
[Site "Internet Chess Club"]
[Date "2021.04.24"]
[Round "3"]
[White "CHUGH, AARUSH:K09-14970943"]
[Black "LUKOSE, JAMES:K09-16437200"]
[Result "1-0"]
[ICCResult "Black checkmated"]
[WhiteElo "1500"]
[BlackElo "885"]
[Opening "Robatsch (modern) defense"]
[ECO "B06"]
[NIC "KF.06"]
[Time "15:13:02"]
[PlyCount "79"]
[TimeControl "1500+5"]

1. e4 g6 2. Nf3 Bg7 3. Bc4 e6 4. d3 d6 5. Nc3 Ne7 6. O-O O-O 7. Bg5 c6 8.
Qd2 Nd7 9. Rfe1 e5 10. Bh6 Nf6 11. Bxg7 Kxg7 12. Qg5 h6 13. Qd2 b5 14. Bb3
d5 15. exd5 cxd5 16. Nxe5 b4 17. Ne2 Bb7 18. Qxb4 Qc7 19. Ng3 Nc6 20. Nxc6
Qxc6 21. Qd2 d4 22. f3 Rfe8 23. Qf4 g5 24. Qxd4 Qb6 25. Qxb6 axb6 26. Rxe8
Rxe8 27. Nf5+ Kg6 28. Nd6 Re7 29. Nxb7 Rxb7 30. Re1 Nh7 31. Re8 Nf6 32. Re1
h5 33. d4 Rd7 34. c3 b5 35. Re5 b4 36. Bc2+ Kh6 37. Rf5 Rd6 38. cxb4 Nd5
39. Rxf7 Nxb4 40. Rh7# { Black checkmated } 1-0

[Event "ICC tourney 2533 (25 5)"]
[Site "Internet Chess Club"]
[Date "2021.04.24"]
[Round "3"]
[White "LI, EDWARD:K09-16292831"]
[Black "Y OH, JAMES:K09-15146868"]
[Result "0-1"]
[ICCResult "White resigns"]
[WhiteElo "1595"]
[BlackElo "2034"]
[Opening "Sicilian defense"]
[ECO "B44"]
[NIC "SI.39"]
[Time "15:11:59"]
[PlyCount "54"]
[TimeControl "1500+5"]

1. e4 c5 2. Nf3 e6 3. d4 cxd4 4. Nxd4 Nc6 5. Be3 Nf6 6. Nc3 Bb4 7. f3 d5 8.
Nxc6 bxc6 9. Bd2 dxe4 10. Nxe4 Nxe4 11. Bxb4 Qb6 12. fxe4 Qxb4+ 13. c3
Qxe4+ 14. Qe2 Qf5 15. O-O-O O-O 16. Qd2 Qd5 17. Bd3 Qxa2 18. Qc2 h6 19.
Rhf1 Rb8 20. Bh7+ Kh8 21. Rxf7 Ba6 22. Rxf8+ Rxf8 23. Qb1 Qa5 24. Bd3 Qg5+
25. Rd2 Rd8 26. Kd1 Qe3 27. Qc1 Bxd3 { White resigns } 0-1

[Event "ICC tourney 2533 (25 5)"]
[Site "Internet Chess Club"]
[Date "2021.04.24"]
[Round "3"]
[White "SLOAN, JED:K09-15515631"]
[Black "DONOFRIO, LUKE:K09-15346692"]
[Result "1/2-1/2"]
[ICCResult "Game drawn by mutual agreement"]
[WhiteElo "1983"]
[BlackElo "1451"]
[Opening "Giuoco Pianissimo"]
[ECO "C55"]
[NIC "IG.01"]
[Time "15:11:55"]
[PlyCount "77"]
[TimeControl "1500+5"]

1. e4 e5 2. Nf3 Nc6 3. Bc4 Nf6 4. d3 Bc5 5. c3 O-O 6. O-O h6 7. d4 exd4 8.
cxd4 Bb6 9. e5 d5 10. exf6 dxc4 11. fxg7 Kxg7 12. d5 Ne7 13. Nc3 Bg4 14.
Qd2 Rh8 15. Qf4 Bxf3 16. Qxf3 Ng6 17. Be3 Qd6 18. Rad1 h5 19. Bxb6 Qxb6 20.
Rd2 Rae8 21. Ne4 h4 22. d6 cxd6 23. Qf6+ Kg8 24. Rxd6 Qc7 25. Ng5 Rh5 26.
Rfd1 Rxg5 27. Qxg5 Qxd6 28. Qg4 Qb4 29. g3 h3 30. Qxh3 Re1+ 31. Rxe1 Qxe1+
32. Kg2 Qe4+ 33. Kg1 Qb1+ 34. Kg2 Qxb2 35. Qc8+ Kg7 36. Qxc4 b5 37. Qd5 a5
38. h4 Qe2 39. h5 { Game drawn by mutual agreement } 1/2-1/2

[Event "ICC tourney 2533 (25 5)"]
[Site "Internet Chess Club"]
[Date "2021.04.24"]
[Round "3"]
[White "KOGAN, NIKITA:K09-17190210"]
[Black "TAMMALI, VAISHNAVI:K09-15025561"]
[Result "0-1"]
[ICCResult "White checkmated"]
[WhiteElo "820"]
[BlackElo "1620"]
[Opening "French: exchange variation"]
[ECO "C01"]
[NIC "QO.17"]
[Time "15:14:28"]
[PlyCount "122"]
[TimeControl "1500+5"]

1. d4 e6 2. e4 d5 3. exd5 exd5 4. c4 c6 5. cxd5 cxd5 6. Nf3 Nc6 7. Bb5 Bb4+
8. Bd2 Qa5 9. Bxc6+ bxc6 10. O-O Ne7 11. a3 Bxd2 12. Nbxd2 O-O 13. Nb3 Qc7
14. Nc5 Bg4 15. Qd3 Ng6 16. h3 Bxf3 17. Qxf3 Nf4 18. Rfe1 Rfe8 19. b4 Ne6
20. Nxe6 Rxe6 21. Rxe6 fxe6 22. Qe3 Re8 23. Re1 a5 24. Qb3 axb4 25. axb4 e5
26. dxe5 Rxe5 27. Rxe5 Qxe5 28. g3 Kf7 29. b5 cxb5 30. Qxb5 Ke6 31. Qe8+
Kf6 32. Qc6+ Ke7 33. Qb7+ Ke6 34. Qc8+ Kf7 35. Qd7+ Kf6 36. Qc6+ Qe6 37.
Qc3+ Qe5 38. Qxe5+ Kxe5 39. Kf1 Kd4 40. Ke2 Kc3 41. f4 d4 42. Kd1 Kd3 43.
f5 h6 44. g4 Ke3 45. Ke1 d3 46. h4 Kf4 47. g5 hxg5 48. hxg5 Kxf5 49. Kd2
Kxg5 50. Kxd3 Kf4 51. Ke2 Kg3 52. Kf1 Kh2 53. Kf2 g5 54. Kf3 Kh3 55. Kf2 g4
56. Kg1 Kg3 57. Kh1 Kf2 58. Kh2 g3+ 59. Kh1 g2+ 60. Kh2 g1=Q+ 61. Kh3 Qg3#
{ White checkmated } 0-1